 Dungeon Crawl Stone Soup version 0.29-a0-473-gacb4ef3bc5 (webtiles) character file.

Game seed: 15917310637899628065

44 CrazyBamboolord the Grasshopper (level 3, -1/16 HPs)
             Began as a Felid Warper on May 23, 2022.
             Slain by a jackal (2 damage)
             ... on level 2 of the Dungeon.
             The game lasted 00:02:25 (2066 turns).

CrazyBamboolord the Grasshopper (Felid Warper)      Turns: 2066, Time: 00:02:26

Health: -1/16      AC:  1    Str:  7    XL:     3   Next: 41%
Magic:  5/7        EV: 18    Int: 14    God:
Gold:   90         SH:  0    Dex: 17    Spells: 1/6 levels left
                                        Lives:  0   Deaths: 0

rFire   . . .      SeeInvis +     - Unarmed
rCold   . . .      Faith    .   (shield unavailable)
rNeg    . . .      Spirit   .   (body armour unavailable)
rPois   .          Reflect  .   (helmet unavailable)
rElec   .          Harm     .   (cloak unavailable)
rCorr   .          Rampage  .   (gloves unavailable)
Will    .....                   (boots unavailable)
Stlth   ++........              (no amulet)
HPRegen 0.05/turn               (no ring)
MPRegen 0.10/turn               (no ring)

@: very slightly contaminated, quick
A: very small, claws 1, fangs 3, see invisible, speed 1, shaggy fur 1, stealthy
paws, no weapons or thrown items, no armour, multi-lived
a: no special abilities


You were on level 2 of the Dungeon.
You visited 1 branch of the dungeon, and saw 2 of its levels.

You collected 90 gold pieces.

Inventory:

Wands
 g - a wand of flame (29) (quivered)
Scrolls
 a - a scroll of blinking
 c - 2 scrolls of silence {unknown}
 e - a scroll of fear {unknown}
 j - a scroll of immolation
Potions
 b - a potion of might {unknown}
 d - 2 potions of mutation {unknown}
 f - a potion of attraction {unknown}
 h - 2 potions of cancellation {unknown}
 i - a potion of heal wounds {unknown}
 k - 2 potions of curing {unknown}


   Skills:
 * Level 2.1 Fighting
 * Level 4.0 Dodging
 - Level 0.2 Stealth
 * Level 2.4 Unarmed Combat
 * Level 2.2 Spellcasting
 * Level 5.0 Translocations
 * Level 0.1 Evocations


You had one spell level left.
You knew the following spells:

 Your Spells              Type           Power      Damage    Failure   Level
a - Blink                 Tloc           30%        N/A       4%          2
b - Gell's Gravitas       Tloc           15%        N/A       9%          3

Your spell library contained the following spells:

 Spells                   Type           Power      Damage    Failure   Level
 Lesser Beckoning         Tloc           15%        N/A       9%          3
 Teleport Other           Tloc           15%        N/A       9%          3
 Manifold Assault         Tloc           15%        N/A       63%         5


Dungeon Overview and Level Annotations

Branches:
Dungeon (2/15)

Altars:


Innate Abilities, Weirdness & Mutations

You have sharp claws.
You have razor-sharp teeth.
You have supernaturally acute eyesight. (SInv)
You cover ground quickly. (Speed+)
You are covered in fur. (AC +1)
Your paws help you pounce on unaware monsters.
You are incapable of wielding weapons or throwing items.
You cannot wear armour.
You gain extra lives every three experience levels.


Message History

You scratch the jackal.
You kill the jackal!
The jackal bites you. x2
You scratch the jackal but do no damage.
The jackal completely misses you. The jackal misses you.
The jackal barely misses you.
You scratch the jackal but do no damage.
The jackal bites you. The jackal barely misses you. The jackal bites you.
* * * LOW HITPOINT WARNING * * *
You are too injured to fight recklessly!
You are too injured to fight recklessly!
You are too injured to fight recklessly!
You are too injured to fight recklessly!
Unknown command.
The jackal misses you. The jackal attacks as you move away!
The jackal closely misses you. The jackal attacks as you move away!
The jackal misses you. The jackal closely misses you.
The jackal attacks as you move away! The jackal barely misses you.
The jackal attacks as you move away! The jackal misses you.
The jackal attacks as you move away! The jackal completely misses you.
The jackal attacks as you move away! The jackal bites you.
* * * LOW HITPOINT WARNING * * *
The jackal attacks as you move away! The jackal misses you.
The jackal bites you.
* * * LOW HITPOINT WARNING * * *
The jackal attacks as you move away! The jackal misses you.
The jackal attacks as you move away! The jackal misses you.
The jackal attacks as you move away! The jackal completely misses you.
The jackal barely misses you. The jackal attacks as you move away!
The jackal misses you. The jackal attacks as you move away!
The jackal bites you.
* * * LOW HITPOINT WARNING * * *
Okay, then.
Casting: Blink (safe; 4% risk of failure)
Confirm with . or Enter, or press ? or * to list all spells.
You miscast Blink.
You are very lightly contaminated with residual magic.
Nothing appears to happen.
The jackal closely misses you. The jackal bites you.
You die...

######.................##......
##..................#...........
##...#####..............#........
.....###.........................
.........####.[.>................
...........####.#...............#
....#.####......#...............#
##..#^#..........h.......####....
........#######.@h.......## #.#..
............÷...................†
#####.###########.......###......
#........####..>......# #......
#........#...........## #......
#..........##......### #......
#.)......#.........# #......
#........###.......# ###..>.
#........# #.......#


You could see 2 jackals.

Vanquished Creatures
  2 dart slugs
  4 ball pythons (D:1)
  2 endoplasms (D:1)
  3 giant cockroaches
  2 goblins (D:1)
  6 hobgoblins
  2 jackals (D:2)
  5 quokkas
  3 bats
  2 frilled lizards
  A kobold (D:2)
  2 rats (D:1)
34 creatures vanquished.

Notes
Turn   | Place    | Note
-------+----------+-------------------------------------------
     0 | D:1      | CrazyBamboolord the Felid Warper began the quest for the
                  | Orb.
     0 | D:1      | Reached XP level 1. HP: 9/9 MP: 4/4
   282 | D:1      | Reached XP level 2. HP: 9/13 MP: 6/6
   922 | D:1      | Reached skill level 5 in Translocations
  1306 | D:1      | Reached XP level 3. HP: 9/16 MP: 7/7
  1309 | D:1      | Learned a level 2 spell: Blink
  1313 | D:1      | Learned a level 3 spell: Gell's Gravitas
  1993 | D:2      | Found a faded altar of an unknown god.
  2066 | D:2      | Slain by a jackal

Illustrated notes

Levels and vault maps discovered:
D:1:      dpeg_arrival_rhombi, layout_basic, chequers_serial_rivers_marsh
D:2:      layout_rooms, hellmonk_ecumenical_altar_blasted

Skill      XL: |  1  2  3 |
---------------+----------+-----
Translocations | 5 |  5.0
Dodging        | 4 |  4.0
Fighting       | |  2.1
Stealth        | |  0.2
Unarmed Combat | |  2.4
Spellcasting   | |  2.2
Evocations     | |  0.1

Action                   || total
-------------------------++-------
Melee: Unarmed           ||   128
       Bite              ||     8
       Punch             ||     1
 Cast: Blink             ||     1
 Stab: Sleeping          ||     1
Armor: Skin              ||     7
Dodge: Dodged            ||   116

Table legend: (Time is in decaauts)
 A = Elapsed time spent in this place.
 B = Non-inter-level travel time spent in this place.
 C = Inter-level travel time spent in this place.
 D = Time resting spent in this place.
 E = Time spent auto-exploring this place.
 F = Levels seen in this place.
 G = Mean time per level.
                   A        B        C        D        E       F      G
               +--------+--------+--------+--------+--------+-----+--------+
         Total |   1885 |   1847 |     38 |      0 |   1551 |   2 |  942.5 |
       Dungeon |   1885 |   1847 |     38 |      0 |   1551 |   2 |  942.5 |
               +--------+--------+--------+--------+--------+-----+--------+

Top non-repeatable levels by time:
     D:1: 1519 daAuts
     D:2: 366 daAuts
